[ AOE2 MATCH · #508560418 ]
UnrankedGeorgians vs Gurjaras
Player's team · LOSS
Rival team · WIN
[ REPLAY ANALYSIS · EXTRACTED FROM THE RECORDED GAME ]
Feudal
10:37
Castle
20:10
Imperial
47:17
| APM avg | 72.2 |
| APM peak | 118 |
| eAPM avg | 32.5 |
| Villagers / military | 175 / 170 |
Focus
⚔️ 38.4% · 🌾 61.6%
Archer ×77 · Spearman ×65 · Monaspa ×17 · Militia ×4 · Mangonel ×4 · Monk ×1
Feudal
8:30
Castle
19:07
Imperial
45:30
| APM avg | 106.9 |
| APM peak | 166 |
| eAPM avg | 46.6 |
| Villagers / military | 190 / 150 |
Focus
⚔️ 64.6% · 🌾 35.4%
Skirmisher ×67 · Archer ×26 · Camel Scout ×25 · Shrivamsha Rider ×17 · Monk ×6 · Trebuchet (Packed) ×5
Match map
Initial resources + every placement click. Lines = walls · curves = elevation contours. ◆ gold · ⬟ stone · ● berries · ✦ relic · ◌ wall gap
Your base· ✓ Closed at 20:10 · 40t walls · 1 gate(s)
VL Tou's base· Open — opponent sealed themselves in
Smoothed initial terrain · ◌ = detected wall gap · hover for details
Inputs per minute
— XEVER | CaboBV - - VL Tou
Build order — XEVER | CaboBV
First 150 of 553 actions detected
| 0:00 | Queue | Villager (Male) |
| 0:00 | Queue | Villager (Male) |
| 0:00 | Queue | Villager (Male) |
| 0:01 | Queue | Villager (Male) |
| 0:01 | Queue | Villager (Male) |
| 0:02 | Build | House |
| 0:02 | Build | House |
| 1:24 | Queue | Villager (Male) |
| 1:48 | Queue | Villager (Male) |
| 2:23 | Queue | Villager (Male) |
| 2:49 | Queue | Villager (Male) |
| 2:50 | Queue | Villager (Male) |
| 3:23 | Build | House |
| 3:39 | Queue | Villager (Male) |
| 3:46 | Build | Barracks |
| 4:01 | Build | House |
| 4:11 | Queue | Villager (Male) |
| 4:11 | Queue | Villager (Male) |
| 4:20 | Build | House |
| 4:59 | Queue | Militia |
| 4:59 | Queue | Militia |
| 5:05 | Build | Mill |
| 5:09 | Queue | Villager (Male) |
| 5:25 | Queue | Villager (Male) |
| 5:46 | Queue | Militia |
| 5:58 | Queue | Villager (Male) |
| 6:05 | Queue | Militia |
| 6:21 | Queue | Villager (Male) |
| 6:42 | Queue | Villager (Male) |
| 6:43 | Queue | Villager (Male) |
| 7:04 | Queue | Villager (Male) |
| 7:21 | Build | House |
| 7:31 | Queue | Villager (Male) |
| 7:49 | Queue | Villager (Male) |
| 7:52 | Build | House |
| 8:27 | Research | Feudal Age |
| 9:17 | Queue | Villager (Male) |
| 9:23 | Build | Mule Cart |
| 9:39 | Queue | Villager (Male) |
| 9:56 | Queue | Villager (Male) |
| 10:12 | Queue | Villager (Male) |
| 10:27 | Build | House |
| 10:37 | Age | Feudal Age |
| 10:39 | Build | Archery Range |
| 10:40 | Queue | Spearman |
| 10:41 | Research | Man-at-Arms (upgrade) |
| 10:52 | Queue | Villager (Male) |
| 10:56 | Queue | Villager (Male) |
| 11:05 | Build | Farm |
| 11:05 | Build | Farm |
| 11:05 | Queue | Villager (Male) |
| 11:08 | Build | Farm |
| 11:13 | Research | Double-Bit Axe |
| 11:20 | Queue | Villager (Male) |
| 11:41 | Queue | Villager (Male) |
| 11:45 | Build | Blacksmith |
| 11:48 | Queue | Archer |
| 12:04 | Queue | Archer |
| 12:21 | Build | Farm |
| 12:21 | Queue | Villager (Male) |
| 12:41 | Research | Fletching |
| 12:44 | Queue | Villager (Male) |
| 12:45 | Queue | Villager (Male) |
| 12:45 | Build | Farm |
| 12:46 | Build | Farm |
| 12:50 | Queue | Villager (Male) |
| 12:54 | Research | Loom |
| 13:05 | Queue | Villager (Male) |
| 13:07 | Queue | Villager (Male) |
| 13:09 | Build | House |
| 13:10 | Build | Palisade Wall |
| 13:17 | Build | Farm |
| 13:17 | Queue | Villager (Male) |
| 13:22 | Build | Palisade Wall |
| 13:23 | Build | Palisade Wall |
| 13:23 | Build | Palisade Wall |
| 13:27 | Queue | Archer |
| 13:28 | Queue | Villager (Male) |
| 13:28 | Queue | Villager (Male) |
| 13:31 | Build | Palisade Wall |
| 13:32 | Build | Palisade Wall |
| 13:36 | Queue | Archer |
| 13:52 | Queue | Archer |
| 13:57 | Build | Palisade Wall |
| 14:00 | Queue | Villager (Male) |
| 14:16 | Build | House |
| 14:17 | Build | Palisade Wall |
| 14:18 | Queue | Villager (Male) |
| 14:33 | Queue | Archer |
| 14:34 | Queue | Villager (Male) |
| 14:36 | Build | Farm |
| 14:37 | Build | Farm |
| 14:38 | Queue | Villager (Male) |
| 14:49 | Queue | Villager (Male) |
| 15:19 | Queue | Archer |
| 15:21 | Build | Farm |
| 15:31 | Queue | Archer |
| 15:31 | Queue | Villager (Male) |
| 15:32 | Build | Farm |
| 15:32 | Queue | Villager (Male) |
| 15:36 | Build | House |
| 15:37 | Build | Palisade Wall |
| 15:37 | Queue | Villager (Male) |
| 15:37 | Queue | Villager (Male) |
| 15:43 | Queue | Archer |
| 15:53 | Queue | Villager (Male) |
| 16:06 | Build | Palisade Wall |
| 16:07 | Build | Palisade Wall |
| 16:27 | Build | Market |
| 16:33 | Queue | Villager (Male) |
| 16:50 | Queue | Villager (Male) |
| 16:52 | Queue | Archer |
| 16:53 | Build | House |
| 17:30 | Research | Castle Age |
| 17:34 | Build | Archery Range |
| 17:38 | Queue | Archer |
| 17:56 | Research | Gold Mining |
| 17:59 | Queue | Archer |
| 18:10 | Queue | Archer |
| 18:16 | Queue | Archer |
| 18:18 | Queue | Villager (Male) |
| 18:25 | Research | Horse Collar |
| 18:26 | Queue | Archer |
| 18:40 | Queue | Archer |
| 18:44 | Queue | Villager (Male) |
| 18:49 | Queue | Archer |
| 19:01 | Build | Palisade Gate |
| 19:15 | Queue | Villager (Male) |
| 19:30 | Queue | Archer |
| 19:32 | Queue | Villager (Male) |
| 19:32 | Queue | Archer |
| 19:34 | Build | Farm |
| 19:36 | Build | Farm |
| 19:39 | Queue | Archer |
| 20:02 | Build | Watch Tower |
| 20:07 | Queue | Archer |
| 20:10 | Age | Castle Age |
| 20:11 | Build | House |
| 20:14 | Build | House |
| 20:15 | Build | House |
| 20:24 | Research | Bodkin Arrow |
| 20:30 | Queue | Archer |
| 20:47 | Build | House |
| 20:50 | Queue | Villager (Male) |
| 21:02 | Queue | Villager (Male) |
| 21:03 | Build | Farm |
| 21:16 | Research | Crossbowman (upgrade) |
| 21:26 | Build | House |
| 21:34 | Build | Farm |
| 21:41 | Queue | Archer |
Build order — VL Tou
First 150 of 576 actions detected
| 0:00 | Queue | Villager (Male) |
| 0:01 | Queue | Villager (Male) |
| 0:01 | Queue | Villager (Male) |
| 0:01 | Queue | Villager (Male) |
| 0:02 | Build | House |
| 0:04 | Build | House |
| 0:49 | Build | Mill |
| 1:36 | Queue | Villager (Male) |
| 1:37 | Queue | Villager (Male) |
| 2:05 | Queue | Villager (Male) |
| 2:05 | Queue | Villager (Male) |
| 2:22 | Queue | Villager (Male) |
| 2:22 | Queue | Villager (Male) |
| 2:38 | Queue | Villager (Male) |
| 2:38 | Queue | Villager (Male) |
| 2:54 | Queue | Villager (Male) |
| 2:54 | Queue | Villager (Male) |
| 3:14 | Queue | Villager (Male) |
| 3:14 | Queue | Villager (Male) |
| 3:41 | Queue | Villager (Male) |
| 3:41 | Queue | Villager (Male) |
| 3:53 | Build | House |
| 4:15 | Queue | Villager (Male) |
| 4:25 | Build | Lumber Camp |
| 4:36 | Queue | Villager (Male) |
| 4:42 | Queue | Villager (Male) |
| 4:44 | Research | Loom |
| 6:20 | Research | Feudal Age |
| 6:20 | Research | Feudal Age |
| 6:58 | Build | Mining Camp |
| 7:18 | Build | Barracks |
| 7:46 | Build | House |
| 7:49 | Queue | Villager (Male) |
| 8:05 | Build | Palisade Wall |
| 8:06 | Build | Palisade Wall |
| 8:07 | Build | Palisade Wall |
| 8:08 | Build | Palisade Wall |
| 8:11 | Build | House |
| 8:30 | Age | Feudal Age |
| 8:38 | Research | Double-Bit Axe |
| 8:43 | Build | Palisade Wall |
| 8:46 | Build | Palisade Wall |
| 8:48 | Build | Palisade Wall |
| 8:49 | Build | Palisade Wall |
| 8:53 | Queue | Villager (Male) |
| 8:54 | Build | Palisade Wall |
| 9:01 | Build | Palisade Wall |
| 9:02 | Queue | Villager (Male) |
| 9:17 | Build | Archery Range |
| 9:37 | Queue | Villager (Male) |
| 9:48 | Build | Farm |
| 9:52 | Build | Palisade Wall |
| 10:05 | Queue | Archer |
| 10:12 | Queue | Archer |
| 10:13 | Queue | Villager (Male) |
| 10:36 | Queue | Villager (Male) |
| 10:43 | Build | Farm |
| 10:44 | Queue | Archer |
| 10:58 | Queue | Villager (Male) |
| 11:00 | Build | Farm |
| 11:05 | Build | House |
| 11:41 | Queue | Archer |
| 11:41 | Queue | Villager (Male) |
| 12:05 | Queue | Archer |
| 12:06 | Queue | Villager (Male) |
| 12:10 | Build | Farm |
| 12:27 | Build | Farm |
| 12:33 | Queue | Archer |
| 12:33 | Queue | Villager (Male) |
| 12:37 | Build | Palisade Wall |
| 12:49 | Build | House |
| 13:07 | Queue | Villager (Male) |
| 13:14 | Build | Blacksmith |
| 13:17 | Build | Palisade Wall |
| 13:30 | Build | Palisade Wall |
| 14:08 | Research | Fletching |
| 14:08 | Queue | Villager (Male) |
| 14:15 | Queue | Archer |
| 14:33 | Queue | Villager (Male) |
| 14:33 | Queue | Archer |
| 14:37 | Build | Farm |
| 14:50 | Build | House |
| 15:03 | Build | Palisade Wall |
| 15:16 | Build | Farm |
| 15:18 | Build | Farm |
| 15:34 | Queue | Archer |
| 15:38 | Queue | Villager (Male) |
| 15:41 | Build | Palisade Wall |
| 15:42 | Build | House |
| 15:45 | Build | Farm |
| 15:48 | Build | House |
| 15:56 | Build | Farm |
| 16:02 | Build | Palisade Wall |
| 16:27 | Research | Castle Age |
| 16:28 | Research | Castle Age |
| 16:46 | Queue | Archer |
| 16:52 | Build | Palisade Wall |
| 16:56 | Queue | Villager (Male) |
| 17:09 | Queue | Archer |
| 17:14 | Research | Horse Collar |
| 17:19 | Research | Gold Mining |
| 17:19 | Research | Gold Mining |
| 17:40 | Queue | Archer |
| 18:08 | Queue | Archer |
| 18:14 | Build | House |
| 18:59 | Queue | Villager (Male) |
| 19:07 | Age | Castle Age |
| 19:15 | Build | Town Center |
| 19:18 | Research | Crossbowman (upgrade) |
| 19:23 | Research | Bodkin Arrow |
| 19:25 | Research | Bow Saw |
| 19:29 | Queue | Villager (Male) |
| 19:49 | Queue | Villager (Male) |
| 20:02 | Build | House |
| 20:04 | Build | House |
| 20:07 | Queue | Archer |
| 20:07 | Queue | Villager (Male) |
| 20:46 | Queue | Villager (Male) |
| 20:48 | Queue | Villager (Male) |
| 20:50 | Build | Stable |
| 20:57 | Build | University |
| 20:59 | Queue | Villager (Male) |
| 21:03 | Build | Market |
| 21:06 | Queue | Archer |
| 21:07 | Queue | Villager (Male) |
| 21:24 | Queue | Villager (Male) |
| 21:45 | Queue | Villager (Male) |
| 21:54 | Queue | Archer |
| 22:01 | Build | Siege Workshop |
| 22:09 | Queue | Villager (Male) |
| 22:17 | Queue | Archer |
| 22:27 | Queue | Mangonel |
| 22:36 | Queue | Villager (Male) |
| 22:49 | Queue | Villager (Male) |
| 22:49 | Queue | Villager (Male) |
| 22:50 | Queue | Archer |
| 22:52 | Build | House |
| 23:10 | Queue | Archer |
| 23:10 | Queue | Villager (Male) |
| 23:10 | Queue | Archer |
| 23:11 | Build | Farm |
| 23:12 | Build | Farm |
| 23:13 | Build | Farm |
| 23:25 | Build | House |
| 23:28 | Queue | Archer |
| 23:29 | Build | Farm |
| 23:34 | Queue | Archer |
| 23:38 | Build | Farm |
| 23:38 | Build | Farm |
| 23:46 | Queue | Villager (Male) |
Match timeline
| 3:46 | XEVER | CaboBV · first_building Barracks |
| 7:18 | VL Tou · first_building Barracks |
| 8:05 | VL Tou · wall_segment Palisade Wall x1 |
| 8:06 | VL Tou · wall_segment Palisade Wall x1 |
| 8:07 | VL Tou · wall_segment Palisade Wall x1 |
| 8:08 | VL Tou · wall_segment Palisade Wall x1 |
| 8:30 | VL Tou · age_up feudal |
| 8:43 | VL Tou · wall_segment Palisade Wall x1 |
| 8:46 | VL Tou · wall_segment Palisade Wall x1 |
| 8:48 | VL Tou · wall_segment Palisade Wall x1 |
| 8:49 | VL Tou · wall_segment Palisade Wall x1 |
| 8:54 | VL Tou · wall_segment Palisade Wall x1 |
| 9:01 | VL Tou · wall_segment Palisade Wall x1 |
| 9:17 | VL Tou · first_building Archery Range |
| 9:52 | VL Tou · wall_segment Palisade Wall x1 |
| 10:37 | XEVER | CaboBV · age_up feudal |
| 10:39 | XEVER | CaboBV · first_building Archery Range |
| 12:37 | VL Tou · wall_segment Palisade Wall x6 |
| 13:10 | XEVER | CaboBV · wall_segment Palisade Wall x3 |
| 13:17 | VL Tou · wall_segment Palisade Wall x1 |
| 13:22 | XEVER | CaboBV · wall_segment Palisade Wall x1 |
| 13:23 | XEVER | CaboBV · wall_segment Palisade Wall x1 |
| 13:23 | XEVER | CaboBV · wall_segment Palisade Wall x1 |
| 13:30 | VL Tou · wall_segment Palisade Wall x13 |
| 13:31 | XEVER | CaboBV · wall_segment Palisade Wall x1 |
| 13:32 | XEVER | CaboBV · wall_segment Palisade Wall x4 |
| 13:57 | XEVER | CaboBV · wall_segment Palisade Wall x19 |
| 14:17 | XEVER | CaboBV · wall_segment Palisade Wall x1 |
| 15:03 | VL Tou · wall_segment Palisade Wall x10 |
| 15:37 | XEVER | CaboBV · wall_segment Palisade Wall x7 |
| 15:41 | VL Tou · wall_segment Palisade Wall x1 |
| 16:02 | VL Tou · wall_segment Palisade Wall x6 |
| 16:06 | XEVER | CaboBV · wall_segment Palisade Wall x1 |
| 16:07 | XEVER | CaboBV · wall_segment Palisade Wall x1 |
| 16:52 | VL Tou · wall_segment Palisade Wall x1 |
| 17:18 | XEVER | CaboBV · first_market_sell 100 stone |
| 17:19 | XEVER | CaboBV · first_market_buy 100 food |
| 19:07 | VL Tou · age_up castle |
| 20:10 | XEVER | CaboBV · age_up castle |
| 20:50 | VL Tou · first_building Stable |
| 22:01 | VL Tou · first_building Siege Workshop |
| 24:04 | VL Tou · first_market_buy 100 food |
| 24:45 | VL Tou · first_building Monastery |
| 26:42 | XEVER | CaboBV · first_building Siege Workshop |
| 27:05 | XEVER | CaboBV · wall_segment Palisade Wall x1 |
| 27:06 | XEVER | CaboBV · wall_segment Palisade Wall x1 |
| 28:47 | VL Tou · first_market_sell 100 wood |
| 36:06 | VL Tou · first_building Castle |
| 40:44 | XEVER | CaboBV · first_building Castle |
| 41:55 | XEVER | CaboBV · first_building Monastery |
| 45:30 | VL Tou · age_up imperial |
| 47:17 | XEVER | CaboBV · age_up imperial |
| 50:13 | VL Tou · wall_segment Palisade Wall x3 |
| 51:53 | XEVER | CaboBV · resign |
[ AI ANALYSIS · 1 CREDIT ]
What really happened in this match?
Wolo.gg analyzes every decision: build order, eco, micro, common mistakes by bracket. Personalized analysis on WhatsApp or Discord in 30 seconds.
Civ guide
Georgians
Perfil
XEVER | CaboBV